[Event "Irish Championship 2026"]
[Site "Talbot Hotel Stillorgan, Co.Dublin, IE"]
[Date "2026.08.08"]
[Round "8"]
[White "Moull, Arthur"]
[Black "Daly, Colm"]
[Result "0-1"]
[Board "69"]
[TimeControl "40/5400+30:1800+30"]
[WhiteFideId "2517426"]
[BlackFideId "2500434"]
[WhiteElo "1876"]
[BlackElo "2182"]
[BlackTitle "FM"]
[WhiteClock "0:05:22"]
[BlackClock "0:14:09"]
[Variant "Standard"]
[EndDate "2026.08.08"]
[EndTime "17:33:47"]

1. e4 c5 2. d4 cxd4 3. Qxd4 Nc6 4. Qd3 d6 5. Nc3 g6 6. Nf3 Bg7 7. Be2 Nf6 8. O-O O-O 9. Nd5 Nd7 10. c3 Nc5 11. Qc2 b6 12. Bg5 Bb7 13. a4 Rc8 14. Bb5 f6 15. Be3 e6 16. Nf4 Qe7 17. Rfd1 Ne5 18. Nd2 Ng4 19. Bxc5 Rxc5 20. Bc4 Bc8 21. b4 Rc7 22. Qb3 Re8 23. Nf1 a6 24. Ng3 Ne5 25. Be2 Bb7 26. h4 Bh6 27. Nd3 Nc4 28. Ne1 Rec8 29. Ra2 Bf4 30. Bf3 Ne5 31. Ne2 Bh6 32. Rd4 Kh8 33. Qd1 d5 34. Qb1 Nxf3+ 35. gxf3 e5 36. Rd1 dxe4 37. fxe4 f5 38. exf5 Qxh4 39. f3 Be3+ 40. Kg2 gxf5 41. Qxf5 Rg7+ 42. Ng3 Qxg3+ 43. Kf1 Qg1+ 44. Ke2 Qf2+ 45. Kd3 Rd8+ 46. Kc4 Qxa2# 0-1

[Event "Irish Championship 2026"]
[Site "Talbot Hotel Stillorgan, Co.Dublin, IE"]
[Date "2026.08.08"]
[Round "8"]
[White "Arun, Nitish"]
[Black "Harding, Tim D"]
[Result "0-1"]
[Board "70"]
[TimeControl "40/5400+30:1800+30"]
[WhiteFideId "2524201"]
[BlackFideId "2500256"]
[WhiteElo "2175"]
[BlackElo "2004"]
[WhiteTitle "CM"]
[BlackTitle "CM"]
[WhiteClock "0:47:22"]
[BlackClock "0:33:35"]
[Variant "Standard"]

1. e4 e6 2. d4 d5 3. Nc3 Nf6 4. Bg5 Bb4 5. e5 h6 6. Bc1 Ne4 7. Qg4 Kf8 8. a3 Bxc3+ 9. bxc3 c5 10. Bd3 Nc6 11. Nf3 Nxc3 12. dxc5 Qa5 13. Bd2 Bd7 14. O-O Qa4 15. Qxa4 Nxa4 16. Be3 d4 17. Nxd4 0-1

[Event "Irish Championship 2026"]
[Site "Talbot Hotel Stillorgan, Co.Dublin, IE"]
[Date "2026.08.08"]
[Round "8"]
[White "Conor O'reilly"]
[Black "Hughes, Padraig"]
[Result "1/2-1/2"]
[Board "71"]
[TimeControl "40/5400+30:1800+30"]
[BlackFideId "2505690"]
[WhiteElo "2019"]
[BlackElo "2022"]
[WhiteClock "0:21:32"]
[BlackClock "0:07:19"]
[Variant "Standard"]
[EndDate "2026.08.08"]
[EndTime "19:19:13"]

1. e4 e6 2. d4 d5 3. Nc3 Nf6 4. Bg5 Bb4 5. e5 h6 6. Bc1 Ne4 7. Qg4 Kf8 8. a3 Bxc3+ 9. bxc3 c5 10. Bd3 Nc6 11. Nf3 Nxc3 12. dxc5 Qa5 13. Bd2 Bd7 14. O-O Qa4 15. Qxa4 Nxa4 16. Be3 d4 17. Nxd4 Nxe5 18. Be2 Nc3 19. Bf3 Nxf3+ 20. Nxf3 Bb5 21. Rfe1 Rd8 22. Nd4 a6 23. Nxb5 axb5 24. Bf4 Rd4 25. Be5 Rc4 26. Re3 Ne4 27. Rd1 Ke7 28. Bxg7 Rh7 29. Be5 f6 30. Bd6+ Kf7 31. f3 Nxc5 32. Bxc5 Rxc5 33. Rd7+ Kg6 34. Rxh7 Kxh7 35. Rxe6 Kg6 36. Rb6 Rxc2 37. Rxb5 Ra2 38. Ra5 b6 39. Ra6 b5 40. Ra5 Rb2 41. h4 h5 42. Kh2 b4 43. axb4 Rxb4 44. Kh3 Rb3 45. Rc5 Ra3 46. Kg3 Ra2 47. Rc8 Ra4 48. Rg8+ Kh7 49. Rf8 Kg7 50. Re8 Kg6 51. Re4 Ra2 52. Rb4 Rc2 53. Kh3 Rc3 54. Ra4 Rb3 55. Kh2 Rb2 56. Re4 Ra2 57. Kh3 Ra3 58. Kg3 Ra2 59. Re8 Ra4 60. Re7 Rb4 61. Re3 Ra4 62. Rb3 Rc4 63. Kh3 Ra4 64. Rc3 Rb4 65. Ra3 Rc4 66. Rb3 Ra4 67. Re3 Rb4 68. Rc3 Ra4 69. Rb3 Rc4 70. g3 Rc1 71. g4 hxg4+ 72. fxg4 Rc5 73. Kg3 Ra5 74. Rb4 Rc5 75. Kf4 Rc1 76. h5+ Kg7 77. Rb7+ Kh6 78. Kf5 Rf1+ 79. Ke4 Rg1 80. Kf3 Rf1+ 81. Kg2 Ra1 82. Rf7 Kg5 83. Rg7+ Kf4 84. h6 Ra2+ 85. Kh3 Ra1 86. Kg2 Ra2+ 87. Kf1 Kf3 88. Ke1 Rh2 89. h7 Kg3 90. Kd1 Kf3 91. Kc1 Kg3 92. Kb1 Kf3 93. Ka1 Kg3 94. Kb1 Kf3 95. Kc1 Kg3 96. Kd1 Kf3 97. Ke1 Kg3 98. g5 fxg5 99. Rxg5+ Kf4 100. Rg7 Kf5 101. Kf1 Kf6 102. Ra7 Kg6 103. Kg1 Rxh7 104. Rxh7 Kxh7 1/2-1/2

[Event "Irish Championship 2026"]
[Site "Talbot Hotel Stillorgan, Co.Dublin, IE"]
[Date "2026.08.08"]
[Round "8"]
[White "John P. A. Kennedy"]
[Black "Hushpit, Lukian"]
[Result "1-0"]
[Board "73"]
[TimeControl "40/5400+30:1800+30"]
[BlackFideId "14189208"]
[WhiteElo "2012"]
[BlackElo "2088"]
[WhiteClock "0:05:37"]
[BlackClock "0:05:05"]
[Variant "Standard"]
[EndDate "2026.08.08"]
[EndTime "19:21:32"]

1. Nf3 d5 2. g3 Nf6 3. Bg2 c6 4. O-O Bf5 5. d4 Nbd7 6. c4 h6 7. Nc3 e6 8. Ne5 Be7 9. f4 O-O 10. e3 Bh7 11. c5 Nxe5 12. fxe5 Nd7 13. e4 a5 14. exd5 exd5 15. Bh3 Kh8 16. Qg4 f5 17. Qe2 b6 18. cxb6 Nxb6 19. Be3 Rb8 20. b3 Na8 21. Rf2 Qd7 22. Raf1 g5 23. Qh5 Kg7 24. Na4 Bg6 25. Qd1 Nc7 26. Qc1 Na6 27. Nc5 Nxc5 28. dxc5 Qe6 29. Bd4 Rb7 30. Qc3 g4 31. Bg2 Bd8 32. Qd2 Bh7 33. Be3 Rbf7 34. Qe2 Kg8 35. Qd2 Kg7 36. Qe2 Bc7 37. Bd4 Re8 38. Re1 Kg8 39. Qd2 Qg6 40. Bc3 Rfe7 41. Rfe2 Re6 42. a3 Ra8 43. b4 axb4 44. axb4 Rb8 45. Qd3 Qe8 46. Qd4 Qe7 47. Rb2 Re8 48. b5 Bg6 49. bxc6 Bf7 50. Bxd5 Rd8 51. Qc4 Kf8 52. Bxe6 Bxe6 53. Qb4 h5 54. Rf2 Rd3 55. Bd2 Ke8 56. Qb5 Qd8 57. Qb2 h4 58. Re3 Rd5 59. Bc3 Rxc5 60. Rd2 Qg5 61. Bd4 Rd5 62. Qa3 Rb5 63. Rb2 Ra5 64. Qd3 hxg3 65. hxg3 Ra1+ 66. Rb1 Ra2 67. Re2 Ra4 68. Rh2 Bd5 69. Be3 Qg8 70. Qxf5 Be6 71. Qf6 Bd8 72. Rb8 Ra1+ 73. Kf2 Ra2+ 74. Ke1 Ra1+ 75. Kd2 Bc8 76. Rh8 Ra2+ 77. Kc1 Bxf6 78. Rxg8+ Kf7 79. Rgxc8 Bxe5 80. Rb7+ Kf6 81. Rf8+ Kg6 82. c7 Ra1+ 83. Kc2 Ra2+ 84. Kd3 Ra3+ 85. Ke4 Bg7 86. c8=Q Ra4+ 87. Kd3 Ra3+ 88. Ke2 Ra2+ 89. Bd2 Kh7 90. Qf5# 1-0

[Event "Irish Championship 2026"]
[Site "Talbot Hotel Stillorgan, Co.Dublin, IE"]
[Date "2026.08.08"]
[Round "8"]
[White "Hayes, Peter J."]
[Black "Paibir, Atharva"]
[Result "1/2-1/2"]
[Board "74"]
[TimeControl "40/5400+30:1800+30"]
[WhiteFideId "2502569"]
[BlackFideId "2512882"]
[WhiteElo "2073"]
[BlackElo "2067"]
[WhiteClock "0:08:03"]
[BlackClock "0:15:00"]
[Variant "Standard"]
[EndDate "2026.08.08"]
[EndTime "19:34:22"]

1. d4 Nf6 2. Nf3 e6 3. Bg5 d5 4. c4 h6 5. Bh4 Bb4+ 6. Nc3 g5 7. Bg3 Ne4 8. Nd2 Nxc3 9. bxc3 Bxc3 10. Rc1 Ba5 11. e3 c6 12. Be5 Rg8 13. Bd3 Nd7 14. Bg3 Nf6 15. O-O Bc7 16. Qf3 g4 17. Bxc7 gxf3 18. Bxd8 fxg2 19. Bxf6 gxf1=Q+ 20. Kxf1 Kd7 21. Nf3 dxc4 22. Rxc4 Kc7 23. Ne5 Rf8 24. Bg7 Rg8 25. Bxh6 f6 26. Nf7 e5 27. dxe5 Be6 28. Bf4 fxe5 29. Bxe5+ Kd7 30. Rd4+ Ke7 31. Nh6 Rg5 32. Bf4 Ra5 33. a4 Rd8 34. Rxd8 Kxd8 35. h4 b5 36. axb5 cxb5 37. Bd6 Ra6 38. Bf4 Rb6 39. h5 b4 40. Nf5 b3 41. h6 Bg8 42. Bg5+ Ke8 43. Ne7 b2 44. Nxg8 b1=Q+ 45. Bxb1 Rxb1+ 46. Ke2 Kf7 47. Ne7 a5 48. Kd3 a4 49. Nf5 Kg6 50. h7 Kxh7 51. Nd4 Kg6 52. Be7 Kf7 53. Ba3 Kf6 54. f4 Rd1+ 55. Kc3 Re1 56. Kd2 Rb1 57. Bc5 Rb2+ 58. Kd3 Rb1 59. Kc3 Rc1+ 60. Kb4 a3 61. Nb3 Rf1 62. Kxa3 Kf5 63. Nd2 Rxf4 64. exf4 Kxf4 65. Kb4 Ke5 66. Kc4 Ke6 67. Nf3 Kf5 68. Kd4 Kf4 69. Nd2 Kf5 70. Bd6 Ke6 71. Be5 Kf5 72. Nb3 Kg4 73. Ke4 Kg5 74. Nd4 Kg6 75. Nb5 Kg5 76. Nd4 Kg6 77. Kf4 Kf7 78. Kf5 Ke7 79. Bf4 Kd7 80. Kf6 Kc8 81. Ke6 Kb7 82. Bd6 Kc8 83. Bb4 Kc7 84. Ba5+ Kc8 85. Kd6 Kb7 86. Bc7 Kc8 87. Nb3 Kb7 88. Ba5 Ka7 89. Nc5 Kb8 90. Kc6 Ka7 91. Bb6+ Ka8 92. Ne6 Kb8 93. Nc7 Kc8 94. Ba7 Kd8 95. Nd5 Ke8 96. Kd6 Kf7 97. Ke5 Kg6 98. Nf6 Kg5 99. Bf2 Kg6 100. Ke6 Kg5 101. Bg3 Kg6 102. Bf4 Kg7 103. Ng4 Kg6 104. Ne5 Kh5 105. Bg3 Kg5 106. Kd5 Kf5 107. Bh2 Kf6 108. Nf3 Kf5 109. Nd4 Kg4 110. Ke4 Kh3 111. Bf4 Kg2 112. Ke3 Kf1 113. Nf5 Kg2 114. Ke4 1/2-1/2

[Event "Irish Championship 2026"]
[Site "Talbot Hotel Stillorgan, Co.Dublin, IE"]
[Date "2026.08.08"]
[Round "8"]
[White "Healy, John"]
[Black "Mulukutla, Ayaansh"]
[Result "1-0"]
[Board "77"]
[TimeControl "40/5400+30:1800+30"]
[WhiteFideId "2500965"]
[BlackFideId "33391998"]
[WhiteElo "1928"]
[BlackElo "1839"]
[WhiteClock "0:33:37"]
[BlackClock "0:20:28"]
[Variant "Standard"]
[EndDate "2026.08.08"]
[EndTime "16:41:05"]

1. d4 d5 2. Nf3 Nf6 3. e3 e6 4. Bd3 c5 5. b3 Nc6 6. a3 Qb6 7. dxc5 Bxc5 8. Bb2 Bd7 9. O-O h5 10. Nbd2 O-O-O 11. Qe2 a5 12. b4 Bd6 13. c4 Qa7 14. c5 Be7 15. b5 Nb8 16. Bd4 Qa8 17. Rfc1 Rdf8 18. c6 bxc6 19. bxc6 Nxc6 20. Ne5 Kd8 21. Nxc6+ Bxc6 22. Bb6+ Kd7 23. Nf3 Bd6 24. Bb5 Bxb5 25. Qxb5+ Ke7 26. Bc7 Rc8 27. Qb6 Ne8 28. Bxd6+ Nxd6 29. Rc7+ 1-0

[Event "Irish Championship 2026"]
[Site "Talbot Hotel Stillorgan, Co.Dublin, IE"]
[Date "2026.08.08"]
[Round "8"]
[White "Stokes, Stephen"]
[Black "OBrien, James Joseph"]
[Result "1/2-1/2"]
[Board "78"]
[TimeControl "40/5400+30:1800+30"]
[WhiteFideId "2503530"]
[BlackFideId "2518813"]
[WhiteElo "1885"]
[BlackElo "1914"]
[WhiteClock "0:10:12"]
[BlackClock "0:03:43"]
[Variant "Standard"]
[EndDate "2026.08.08"]
[EndTime "18:53:40"]

1. f4 Nf6 2. Nf3 c5 3. e3 g6 4. b3 Bg7 5. Bb2 d6 6. Be2 b6 7. Bb5+ Bd7 8. Bxd7+ Qxd7 9. O-O O-O 10. Qe2 Nc6 11. d3 b5 12. Nbd2 Nd5 13. Bxg7 Kxg7 14. Ne4 f5 15. Nf2 Qe6 16. Rfe1 Nc3 17. Qd2 Qf6 18. e4 fxe4 19. dxe4 b4 20. f5 gxf5 21. exf5 Qxf5 22. Ng5 Ne5 23. Nge4 Kh8 24. a3 Rg8 25. Ng3 Qf6 26. axb4 cxb4 27. Qe3 a5 28. Rf1 Qg5 29. Qxg5 Rxg5 30. Nfe4 Nxe4 31. Nxe4 Rg4 32. Nd2 Kg7 33. Nf3 Nxf3+ 34. Rxf3 Rg5 35. Raf1 Re8 36. Re3 e6 37. Rd3 Rd8 38. Re3 Re8 39. Rd3 Rd5 40. Rg3+ Kh8 41. Rf7 Rf5 42. Rd7 Ref8 43. h3 Rg8 44. Rxg8+ Kxg8 45. Rxd6 Rc5 46. Rxe6 Rxc2 47. Re5 Rc3 48. Rxa5 Rxb3 49. Rb5 Rb1+ 50. Kf2 b3 51. Rb7 b2 52. Kg3 Kf8 53. Kh4 Ke8 54. Kh5 Kd8 55. h4 Kc8 56. Rb3 Kc7 57. Kh6 Kc6 58. h5 Kc5 59. Kxh7 Kc4 60. Rb8 Kc3 61. h6 Rg1 62. Kg7 Rxg2+ 63. Kf7 Rf2+ 64. Kg7 Rg2+ 1/2-1/2

[Event "Irish Championship 2026"]
[Site "Talbot Hotel Stillorgan, Co.Dublin, IE"]
[Date "2026.08.08"]
[Round "8"]
[White "Rai, Oleksii"]
[Black "Field, Lila Quinn"]
[Result "0-1"]
[Board "79"]
[TimeControl "40/5400+30:1800+30"]
[WhiteFideId "2531526"]
[BlackFideId "30941334"]
[WhiteElo "1840"]
[BlackElo "1898"]
[WhiteClock "0:42:12"]
[BlackClock "0:44:40"]
[Variant "Standard"]
[EndDate "2026.08.08"]
[EndTime "16:03:14"]

1. e4 e5 2. Nf3 Nc6 3. Bc4 Bc5 4. d3 Nf6 5. Nc3 a6 6. Bg5 h6 7. Bxf6 Qxf6 8. Nd5 Qd8 9. c3 d6 10. d4 Ba7 11. dxe5 Be6 12. exd6 Qxd6 13. Qe2 O-O-O 14. O-O-O Qc5 15. Nd4 Nxd4 16. cxd4 Qd6 17. Kb1 Rhe8 18. Rc1 Bxd5 19. Bxd5 Qxd5 20. Qg4+ Qe6 21. Qg3 Qxe4+ 22. Ka1 c6 23. Qxg7 Qg6 0-1

[Event "Irish Championship 2026"]
[Site "Talbot Hotel Stillorgan, Co.Dublin, IE"]
[Date "2026.08.08"]
[Round "8"]
[White "Burke, Kevin A."]
[Black "Dash, Shaurya"]
[Result "1/2-1/2"]
[Board "80"]
[TimeControl "40/5400+30:1800+30"]
[WhiteFideId "2501520"]
[BlackFideId "2534789"]
[WhiteElo "1896"]
[BlackElo "1751"]
[WhiteClock "0:01:20"]
[BlackClock "0:03:27"]
[Variant "Standard"]
[EndDate "2026.08.08"]
[EndTime "17:33:40"]

1. e4 c5 2. c3 Nf6 3. e5 Nd5 4. d4 d6 5. Bc4 e6 6. Nf3 Nc6 7. O-O Be7 8. Qe2 O-O 9. Qe4 cxd4 10. cxd4 dxe5 11. dxe5 Qc7 12. b3 f5 13. Qe2 Rd8 14. Bb2 a6 15. Nc3 Nxc3 16. Bxc3 b5 17. Bd3 Bb7 18. Rac1 Rac8 19. Bb2 Qb6 20. Rfd1 Rc7 21. Bb1 Rcd7 22. Rxd7 Rxd7 23. Rd1 Qd8 24. Rxd7 Qxd7 25. Qd2 Qc7 26. h3 h6 27. Qc3 Qb6 28. a3 b4 29. axb4 Nxb4 30. Bc1 Bxf3 31. Qxf3 Qc5 32. Bb2 Nd5 1/2-1/2

[Event "Irish Championship 2026"]
[Site "Talbot Hotel Stillorgan, Co.Dublin, IE"]
[Date "2026.08.08"]
[Round "8"]
[White "Fitzgerald, Martin"]
[Black "Fox, Anthony"]
[Result "1/2-1/2"]
[Board "81"]
[TimeControl "40/5400+30:1800+30"]
[WhiteFideId "2511177"]
[BlackFideId "2500736"]
[WhiteElo "1891"]
[BlackElo "1876"]
[WhiteClock "0:05:38"]
[BlackClock "0:25:38"]
[Variant "Standard"]
[EndDate "2026.08.08"]
[EndTime "19:03:44"]

1. e4 e5 2. Nf3 Nc6 3. d4 exd4 4. Bc4 Nf6 5. e5 d5 6. Bb5 Ne4 7. Nxd4 Bd7 8. Bxc6 bxc6 9. O-O Bc5 10. f3 Ng5 11. f4 Ne4 12. Be3 Bb6 13. Nd2 Nxd2 14. Qxd2 c5 15. Nf3 d4 16. Bf2 Bc6 17. Bh4 Qd7 18. Rad1 O-O 19. f5 f6 20. e6 Qd5 21. b3 c4 22. Kh1 c3 23. Qc1 Bb5 24. Rfe1 c5 25. a4 Bc6 26. Qf4 Rac8 27. Qg4 Bc7 28. Re2 a5 29. Rde1 Rce8 30. Bg3 Bxg3 31. hxg3 Re7 32. Qf4 Rd8 33. Rd1 Bb7 34. Qg4 Ba6 35. Ree1 d3 36. cxd3 c2 37. Rd2 Bxd3 38. Rc1 Rb8 39. Ne1 Qxf5 40. Qxf5 Bxf5 41. Nxc2 Rxe6 42. Rd5 Bxc2 43. Rxc2 Rxb3 44. Rdxc5 Rxg3 45. Rxa5 h6 46. Ra2 Ree3 47. Rb5 Ra3 48. Rbb2 Rgb3 49. Rf2 Rb1+ 50. Kh2 Ra1 51. Rxa1 Rxa1 52. Rf4 Kf7 53. Rb4 h5 54. Rb7+ Kg6 55. Ra7 Kh6 56. a5 g6 57. a6 Kg5 58. Ra8 Kg4 59. a7 g5 60. Rf8 Rxa7 61. Rxf6 h4 62. Rh6 Ra3 63. Rh8 Rg3 64. Rh7 Kf4 65. Rh8 Re3 66. Rh7 Kg4 67. Rh8 Kf5 68. Rh7 Kg6 69. Rh8 Kg7 70. Rh5 Kg6 71. Rh8 Re5 72. Kh3 Re3+ 73. Kh2 Re7 74. Kh3 Re3+ 75. Kh2 Rb3 76. Kg1 Kg7 77. Rh5 Kf6 78. Rh8 Kg7 79. Rh5 Kg6 80. Rh8 Rb7 81. Kh2 Rh7 82. Rxh7 Kxh7 83. g3 hxg3+ 84. Kxg3 Kh6 85. Kg4 Kg6 86. Kg3 Kf5 87. Kf3 g4+ 88. Kg3 Kg5 89. Kg2 Kf4 90. Kf2 g3+ 91. Kg2 Kg4 92. Kg1 Kf3 1/2-1/2

[Event "Irish Championship 2026"]
[Site "Talbot Hotel Stillorgan, Co.Dublin, IE"]
[Date "2026.08.08"]
[Round "8"]
[White "Nichenametla V, Advaith"]
[Black "Biswal, Saiansh"]
[Result "1-0"]
[Board "82"]
[TimeControl "40/5400+30:1800+30"]
[WhiteFideId "2516896"]
[BlackFideId "2518155"]
[WhiteElo "1943"]
[BlackElo "1824"]
[WhiteClock "0:59:47"]
[BlackClock "0:44:16"]
[Variant "Standard"]
[EndDate "2026.08.08"]
[EndTime "15:42:34"]

1. e4 c6 2. d4 d5 3. exd5 cxd5 4. Bd3 Nc6 5. c3 Nf6 6. h3 g6 7. Nf3 Bg7 8. Bf4 e6 9. Nbd2 O-O 10. Qe2 a6 11. O-O Re8 12. Ne5 Nh5 13. Bh2 Bxe5 14. dxe5 Ng7 15. Nf3 b5 16. Bf4 Bb7 17. Bg5 Qb6 18. Qd2 Ne7 19. Bf6 Rac8 20. g4 Red8 21. Qh6 Kf8 22. Qxg7+ Ke8 23. Ng5 Rc7 24. Qxf7+ Kd7 25. Qxe7+ 1-0

[Event "Irish Championship 2026"]
[Site "Talbot Hotel Stillorgan, Co.Dublin, IE"]
[Date "2026.08.08"]
[Round "8"]
[White "Lorigan, Maxim"]
[Black "Voogt, Declan"]
[Result "1-0"]
[Board "83"]
[TimeControl "40/5400+30:1800+30"]
[WhiteFideId "2518198"]
[BlackFideId "2517388"]
[WhiteElo "1762"]
[BlackElo "1849"]
[WhiteClock "0:20:29"]
[BlackClock "1:17:07"]
[Variant "Standard"]
[EndDate "2026.08.08"]
[EndTime "15:56:19"]

1. d4 Nf6 2. c4 g6 3. Nf3 Bg7 4. Nc3 d5 5. cxd5 Nxd5 6. e4 Nxc3 7. bxc3 c5 8. Be3 O-O 9. h3 Nc6 10. Qd2 Qa5 11. Bc4 Rd8 12. Rd1 b5 13. Bd5 Bd7 14. Bh6 e6 15. Bxg7 Kxg7 16. Bxc6 Bxc6 17. Qc2 cxd4 18. Nxd4 Be8 19. O-O Rac8 20. Qb2 Qxc3 21. Qxc3 Rxc3 22. Nxe6+ fxe6 23. Rxd8 Kf7 24. Ra8 Ra3 25. Rc1 Rxa2 26. Rc7+ Kf6 27. Rxe8 b4 28. f4 e5 29. fxe5+ Kg5 30. Rb8 a5 31. e6 Kf4 32. Rf8+ 1-0

[Event "Irish Championship 2026"]
[Site "Talbot Hotel Stillorgan, Co.Dublin, IE"]
[Date "2026.08.08"]
[Round "8"]
[White "Thomas Boby, Aiden"]
[Black "Heron, Lorcan"]
[Result "0-1"]
[Board "84"]
[TimeControl "40/5400+30:1800+30"]
[WhiteFideId "2535688"]
[BlackFideId "2529343"]
[WhiteElo "1978"]
[BlackElo "1926"]
[WhiteClock "0:04:25"]
[BlackClock "0:00:58"]
[Variant "Standard"]
[EndDate "2026.08.08"]
[EndTime "17:40:01"]

1. e4 e5 2. Nf3 Nc6 3. Bc4 Nf6 4. d3 h6 5. c3 d6 6. Nbd2 g6 7. h3 Bg7 8. O-O g5 9. Re1 g4 10. hxg4 Bxg4 11. Qb3 O-O 12. Nh2 Bd7 13. Qc2 Kh8 14. b4 Ng4 15. Nxg4 Bxg4 16. Nf1 Qh4 17. Be3 Bf6 18. Qd2 Kh7 19. Ng3 Ne7 20. d4 Rg8 21. Bxf7 Rg7 22. Bc4 Rf8 23. Be2 Be6 24. d5 Bc8 25. Bf3 Bg5 26. Bxg5 hxg5 27. Bd1 Kg8 28. Nh5 Rh7 29. g3 Qh3 30. Qxg5+ Kh8 31. Re3 Rg8 32. Qf6+ Rgg7 33. Bf3 Ng8 34. Qd8 Rxh5 35. Bxh5 Qxh5 36. Rae1 Rh7 37. Kf1 Bg4 38. Qh4 Qg6 39. Qd8 Qh5 40. Qh4 Qg6 41. Qd8 Rh2 42. Rc1 Rh1+ 43. Kg2 Rd1 44. Rb1 Rc1 0-1

[Event "Irish Championship 2026"]
[Site "Talbot Hotel Stillorgan, Co.Dublin, IE"]
[Date "2026.08.08"]
[Round "8"]
[White "Braine, Harry"]
[Black "Doolin, Nemhain"]
[Result "1-0"]
[Board "85"]
[TimeControl "40/5400+30:1800+30"]
[WhiteFideId "2518570"]
[BlackFideId "2517230"]
[WhiteElo "1948"]
[BlackElo "1915"]
[WhiteClock "0:26:44"]
[BlackClock "0:03:43"]
[Variant "Standard"]
[EndDate "2026.08.08"]
[EndTime "17:05:55"]

1. e4 e6 2. d4 d5 3. Nc3 Be7 4. Bd3 c5 5. dxc5 Nf6 6. e5 Nfd7 7. Qg4 Nxe5 8. Qxg7 Nxd3+ 9. cxd3 Bf6 10. Qg3 Nd7 11. Nge2 Nxc5 12. d4 Na6 13. Bf4 Bh4 14. Qe3 Nb4 15. Rc1 Qa5 16. O-O Rg8 17. a3 Nc6 18. Qd3 f5 19. Nb5 Bd8 20. Nd6+ Kd7 21. Qh3 Rg7 22. Qh6 Re7 23. Rfd1 Bc7 24. Rc5 Qa6 25. Nb5 Bb6 26. Nec3 Bxc5 27. dxc5 b6 28. Nxd5 exd5 29. Rxd5+ Ke8 30. Nd6+ Kd7 31. Nxc8+ Ke8 32. Qxc6+ Kf7 33. Rxf5+ 1-0

[Event "Irish Championship 2026"]
[Site "Talbot Hotel Stillorgan, Co.Dublin, IE"]
[Date "2026.08.08"]
[Round "8"]
[White "Liu, Murray"]
[Black "Greenan, Darragh"]
[Result "1/2-1/2"]
[Board "86"]
[TimeControl "40/5400+30:1800+30"]
[WhiteFideId "2517191"]
[BlackFideId "2525607"]
[WhiteElo "1885"]
[BlackElo "1786"]
[WhiteClock "0:38:35"]
[BlackClock "0:38:13"]
[Variant "Standard"]
[EndDate "2026.08.08"]
[EndTime "16:06:43"]

1. e4 e6 2. d4 d5 3. e5 c5 4. c3 Nc6 5. Nf3 Qb6 6. Be2 cxd4 7. cxd4 Nge7 8. Na3 Nf5 9. Nc2 Bb4+ 10. Kf1 Be7 11. g3 h5 12. h4 Bd7 13. Bd3 a5 14. Bxf5 exf5 15. Kg2 f6 16. Re1 O-O-O 17. e6 Be8 18. a3 g5 1/2-1/2

[Event "Irish Championship 2026"]
[Site "Talbot Hotel Stillorgan, Co.Dublin, IE"]
[Date "2026.08.09"]
[Round "9"]
[White "Collins, Adam"]
[Black "Jessel, Stephen"]
[Result "1/2-1/2"]
[Board "61"]
[TimeControl "40/5400+30:1800+30"]
[WhiteFideId "2512300"]
[BlackFideId "628859"]
[WhiteElo "2340"]
[BlackElo "2364"]
[WhiteTitle "FM"]
[BlackTitle "FM"]
[WhiteClock "0:20:22"]
[BlackClock "0:06:59"]
[Variant "Standard"]
[EndDate "2026.08.09"]
[EndTime "12:54:28"]

1. Nf3 b6 2. g3 Bb7 3. Bg2 g6 4. O-O Bg7 5. d4 Nf6 6. c4 O-O 7. d5 Na6 8. Nc3 Nc5 9. Qc2 c6 10. e4 cxd5 11. exd5 e6 12. Rd1 exd5 13. Nxd5 Nxd5 14. cxd5 Rc8 15. Bg5 Bf6 16. Bxf6 Qxf6 17. Rac1 Ba6 18. Qd2 Nd3 19. Rxc8 Rxc8 20. b3 Qc3 21. h4 1/2-1/2

[Event "Irish Championship 2026"]
[Site "Talbot Hotel Stillorgan, Co.Dublin, IE"]
[Date "2026.08.09"]
[Round "9"]
[White "Tureshbayev, Anuar"]
[Black "Barnes, Oliver"]
[Result "1/2-1/2"]
[Board "62"]
[TimeControl "40/5400+30:1800+30"]
[WhiteFideId "651081709"]
[BlackFideId "2517604"]
[WhiteElo "2250"]
[BlackElo "2107"]
[WhiteTitle "FM"]
[WhiteClock "0:42:38"]
[BlackClock "0:09:05"]
[Variant "Standard"]
[EndDate "2026.08.09"]
[EndTime "12:50:22"]

1. e4 e6 2. d4 d5 3. Nc3 Bb4 4. e5 c5 5. Bd2 Ne7 6. a3 Bxc3 7. Bxc3 b6 8. h4 Ba6 9. Bxa6 Nxa6 10. h5 h6 11. Nf3 Nb8 12. Qe2 Nbc6 13. O-O-O Qc7 14. g4 O-O-O 15. Qe3 cxd4 16. Bxd4 Nxd4 17. Nxd4 Nc6 18. Nxc6 Qxc6 19. Rd4 Kb7 20. g5 Rc8 21. c3 Qc5 22. Rg1 hxg5 23. Rxg5 Rc7 24. Kb1 f6 25. Rg6 Rxh5 26. exf6 e5 27. fxg7 exd4 28. Qxd4 Qxd4 29. cxd4 Rc8 30. g8=Q Rxg8 31. Rxg8 Rf5 32. Rg7+ Kc6 33. Rxa7 Rxf2 34. Ra4 Rf1+ 35. Ka2 Rh1 36. Rb4 Rh4 37. Kb3 Rh3+ 38. Kc2 Rh2+ 39. Kb3 Rh3+ 40. Kc2 Rh2+ 41. Kb3 1/2-1/2

[Event "Irish Championship 2026"]
[Site "Talbot Hotel Stillorgan, Co.Dublin, IE"]
[Date "2026.08.09"]
[Round "9"]
[White "Jacob Flynn"]
[Black "Brozynski, Patryk"]
[Result "1/2-1/2"]
[Board "63"]
[TimeControl "40/5400+30:1800+30"]
[BlackFideId "2512700"]
[WhiteElo "2289"]
[BlackElo "2224"]
[BlackTitle "CM"]
[WhiteClock "0:28:32"]
[BlackClock "0:16:57"]
[Variant "Standard"]
[EndDate "2026.08.09"]
[EndTime "12:37:53"]

1. e4 e6 2. d3 d5 3. Qe2 Be7 4. Nf3 Nf6 5. g3 O-O 6. Bg2 b5 7. O-O c5 8. e5 Nfd7 9. Bf4 Nc6 10. h4 a5 11. Nbd2 a4 12. h5 h6 13. Bh3 a3 14. b3 Bb7 15. Kh2 Re8 16. Rg1 Nf8 17. g4 Nh7 18. Bg3 Qa5 19. Ne1 Qc3 1/2-1/2

[Event "Irish Championship 2026"]
[Site "Talbot Hotel Stillorgan, Co.Dublin, IE"]
[Date "2026.08.09"]
[Round "9"]
[White "Venkatesan, Kavin"]
[Black "Oisin O'Cuilleanain"]
[Result "1/2-1/2"]
[Board "64"]
[TimeControl "40/5400+30:1800+30"]
[WhiteFideId "2512602"]
[WhiteElo "2297"]
[BlackElo "2128"]
[WhiteTitle "FM"]
[WhiteClock "0:01:27"]
[BlackClock "0:32:04"]
[Variant "Standard"]
[EndDate "2026.08.09"]
[EndTime "13:09:43"]

1. c4 g6 2. d4 Nf6 3. Nf3 Bg7 4. g3 O-O 5. Nc3 d5 6. Bg2 c5 7. dxc5 dxc4 8. Qa4 Na6 9. c6 Qb6 10. cxb7 Bxb7 11. O-O Rfc8 12. Be3 Qb4 13. Bd4 Qxa4 14. Nxa4 Nb4 15. Rfc1 Bh6 16. e3 Nd3 17. Rc2 Nd7 18. Rd1 e5 19. Nxe5 Bxg2 20. Nxd7 Bf3 21. Ra1 Bg7 22. Ndc5 Bxd4 23. exd4 Re8 24. Nxd3 cxd3 25. Rd2 Re2 26. Rxd3 Bc6 27. Nc5 Rae8 28. d5 Bb5 29. Rdd1 Rxb2 30. Rab1 Rxb1 31. Rxb1 Bc4 32. d6 Bxa2 33. Ra1 Bd5 34. d7 Rd8 35. Rxa7 Kf8 36. Rc7 Ke7 37. Rc8 Be6 38. Rxd8 Kxd8 39. Kg2 Bxd7 40. Nxd7 Kxd7 41. Kf3 1/2-1/2